 Dungeon Crawl Stone Soup version 0.20.1-1-g8b1a95d (webtiles) character file.

115 Reeggar the Charmwright (level 4, -3/37 HPs)
             Began as a Demigod Skald on Oct 1, 2017.
             Slain by Crazy Yiuf
             ... wielding a +2 quarterstaff of chaos
              (6 damage)
             ... on level 2 of the Dungeon.
             The game lasted 00:10:53 (2678 turns).

Reeggar the Charmwright (Demigod Skald)             Turns: 2678, Time: 00:10:53

Health: -3/37      AC:  4    Str: 16    XL:     4   Next: 41%
Magic:  6/9        EV: 12    Int: 17    God:
Gold:   78         SH:  0    Dex: 15    Spells: 4/7 levels left

rFire    . . .     SeeInvis .   a - +0 hand axe
rCold    . . .     Gourm    .   (no shield)
rNeg     . . .     Faith    .   b - +1 leather armour
rPois    .         Spirit   .   (no helmet)
rElec    .         Reflect  .   (no cloak)
rCorr    .         Harm     +   (no gloves)
MR       .....                  (no boots)
Stlth    +.........             e - amulet of harm
Regen    0.2/turn               (no ring)
MPRegen  0.2/turn               (no ring)

@: infused, very slightly contaminated
A: high mp 1
a: no special abilities


You were on level 2 of the Dungeon.
You were not hungry.

You visited 1 branch of the dungeon, and saw 2 of its levels.

You collected 78 gold pieces.

Inventory:

Hand Weapons
 a - a +0 hand axe (weapon)
Armour
 b - a +1 leather armour (worn)
 k - a +0 cloak
Jewellery
 e - an amulet of harm (around neck)
Scrolls
 g - a scroll of fog
 h - a scroll of identify
 j - 2 scrolls of teleportation {unknown}
 l - a scroll of recharging {unknown}
Books
 c - a book of Battle

   Spells                             Type                      Level
   a - Infusion                       Charms                       1
   b - Shroud of Golubria             Charms/Translocation         2
   c - Song of Slaying                Charms                       2
   d - Spectral Weapon                Hexes/Charms                 3
   e - Regeneration                   Charms/Necromancy            3
Comestibles
 d - a bread ration
 f - 4 chunks of flesh
 i - a royal jelly


   Skills:
 + Level 2.3 Fighting
 + Level 3.0 Axes
 + Level 1.4 Armour
 + Level 2.2 Dodging
 + Level 0.2 Stealth
 + Level 2.0 Spellcasting
 + Level 3.2 Charms


You had 4 spell levels left.
You knew the following spells:

 Your Spells              Type           Power        Failure   Level  Hunger
a - Infusion              Chrm           ##..         6%          1    #......
b - Shroud of Golubria    Chrm/Tloc      #.........   19%         2    ###....


Dungeon Overview and Level Annotations

Branches:
Dungeon (2/15)

Annotations:
D:2 Crazy Yiuf


Innate Abilities, Weirdness & Mutations

You have an increased reservoir of magic. (+10% MP)


Message History

Confirm with . or Enter, or press ? or * to list all spells.
You begin infusing your attacks with magical energy.
Crazy Yiuf hits you with a quarterstaff of chaos!
Space warps horribly around you!
You barely miss Crazy Yiuf. Crazy Yiuf closely misses you.
You completely miss Crazy Yiuf. Crazy Yiuf closely misses you.
Your leather armour prevents you from hitting Crazy Yiuf.
Crazy Yiuf closely misses you.
You hit Crazy Yiuf.
Crazy Yiuf is lightly wounded.
Crazy Yiuf yells, "Gum horse ena!"
Crazy Yiuf hits you with a quarterstaff of chaos!
* * * LOW HITPOINT WARNING * * *
Crazy Yiuf draws strength from your wounds!
You aren't carrying any potions.
Unknown command.
Crazy Yiuf laughs, "Key!"
Crazy Yiuf cries, "You leg down broken song, no?"
Crazy Yiuf hits you with a quarterstaff of chaos.
You die...

#####.#....#####....#....<.......
.#....#.##..<#...##.#............
.#.........#.#.####.###.#######.#
.#.####.####......#.....# #####.#
...# #.###################......
#.## #...# #......# #.#
#.####♣♣♣♣♣ ##.##### #.#
#..#.#..♣.♣♣♣ #### #.# #.#
##.......♣@g♣#...# #.# ..#
#......♣♣♣♣.'...# #.# ###
##..#.♣♣ ♣♣#..)# #.# ####♣♣ ####
#.# #.# #.# ##### #.# #.#.# ##)##
#.#.# #.÷.#


You could see Crazy Yiuf.

Vanquished Creatures
  Robin (D:2)
  4 adders (D:2)
  A leopard gecko (D:2)
  2 bats (D:1)
  3 giant cockroaches
  20 goblins
  7 hobgoblins
  3 jackals (D:1)
  6 kobolds
  2 quokkas (D:2)
  A ball python (D:2)
  4 frilled lizards (D:1)
  7 rats
61 creatures vanquished.

Notes
Turn   | Place    | Note
-------+----------+-------------------------------------------
     0 | D:1      | Reeggar the Demigod Skald began the quest for the Orb.
     0 | D:1      | Reached XP level 1. HP: 17/17 MP: 5/5
   419 | D:1      | Reached XP level 2. HP: 24/24 MP: 7/7
   982 | D:1      | Reached skill level 1 in Armour
  1344 | D:2      | Reached XP level 3. HP: 19/29 MP: 5/8
  1514 | D:2      | Noticed Robin
  1530 | D:2      | Killed Robin
  1905 | D:2      | Reached XP level 4. HP: 28/37 MP: 9/9
  2661 | D:2      | Found a runed door.
  2665 | D:2      | Noticed Crazy Yiuf
  2670 | D:2      | Learned a level 2 spell: Shroud of Golubria
  2678 | D:2      | Slain by Crazy Yiuf

Skill      XL: |  1  2  3  4 |
---------------+-------------+-----
Charms         | 3 |  3.2
Axes           | 2 3 |  3.0
Armour         | 1 |  1.4
Fighting       | 2 |  2.3
Spellcasting   | 2 |  2.0
Dodging        | 2 |  2.2
Stealth        | |  0.2

Action                   |  1- 3 |  4- 6 || total
-------------------------+-------+-------++-------
Melee: Hand axe          |   117 |    47 ||   164
 Cast: Infusion          |     6 |     1 ||     7
  Use: Scroll            |     4 |     1 ||     5
  Eat: Chunk             |     3 |     3 ||     6
Armor: Leather armour    |    45 |     7 ||    52
Dodge: Dodged            |    90 |    41 ||   131
